 Dungeon Crawl Stone Soup version 0.25.0-15-gac7dcb8919 (webtiles) character file.

Game seed: 9803381586702492923

53 bmfx the Ruffian (level 3, 0/26 HPs)
             Began as a Ghoul Wizard on June 30, 2020.
             Was an Initiate of Okawaru.
             Killed from afar by an orc wizard (10 damage)
             ... with a magic dart
             ... on level 3 of the Dungeon.
             The game lasted 00:05:11 (2430 turns).

bmfx the Ruffian (Ghoul Wizard)                     Turns: 2430, Time: 00:05:12

Health: 0/26       AC:  2    Str: 11    XL:     3   Next: 89%
Magic:  2/6        EV: 12    Int: 13    God:    Okawaru [......]
Gold:   104        SH:  0    Dex:  7    Spells: 4/7 levels left

rFire    + . .     SeeInvis .     - Unarmed
rCold    + . .     Gourm    .   (no shield)
rNeg     + + +     Faith    .   a - +0 robe
rPois    ∞         Spirit   .   b - +0 hat
rElec    .         Reflect  .   (no cloak)
rCorr    .         Harm     .   (no gloves)
MR       .....                  (no boots)
Stlth    ++........             (no amulet)
HPRegen  0.00/turn              i - ring of protection from fire
MPRegen  0.10/turn              (no ring)

@: very slightly contaminated, rotting, slowed, invisible, very slow
A: rotting body, claws 1, carnivore, cold resistance 1, negative energy
resistance 3, inhibited regeneration, torment resistance, unbreathing
a: Renounce Religion


You were on level 3 of the Dungeon.
You worshipped Okawaru.
Okawaru was noncommittal.
You were not hungry.

You visited 1 branch of the dungeon, and saw 3 of its levels.

You collected 104 gold pieces.


Innate Abilities, Weirdness & Mutations

Your body is rotting away.
You thrive on raw meat.
You are immune to poison.
You have sharp fingernails.
You are carnivorous and can eat meat at any time.
Your flesh is cold resistant. (rC+)
You are immune to negative energy. (rN+++)
You do not regenerate when monsters are visible.
You are immune to unholy pain and torment.
You can survive without breathing.

Dungeon Overview and Level Annotations

Branches:
Dungeon (3/15)

Altars:
Okawaru


   Skills:
 - Level 1.7 Dodging
 - Level 2.1 Stealth
 + Level 2.9 Unarmed Combat
 - Level 2.6 Spellcasting
 - Level 0.7 Conjurations
 - Level 2.0 Summonings
   Level 0.8 Translocations


You had 4 spell levels left.
You knew the following spells:

 Your Spells              Type           Power        Failure   Level  Hunger
A - Magic Dart            Conj           #...         19%         1    #......
B - Call Imp              Summ           #.......     16%         2    ###....

Your spell library contained the following spells:

 Spells                   Type           Power        Failure   Level  Hunger
 Blink                    Tloc           N/A          26%         2    ###....
 Slow                     Hex            #.......     34%         2    ###....
 Conjure Flame            Conj/Fire      #.......     52%         3    ###....
 Mephitic Cloud           Conj/Pois/Air  #.......     54%         3    ###....

Action                   || total
-------------------------++-------
Melee: Unarmed           ||    62
Throw: Stone             ||     2
 Cast: Magic Dart        ||    25
       Call Imp          ||    10
  Use: Potion            ||     2
       Scroll            ||     1
 Stab: Distracted        ||     1
  Eat: Chunk             ||     7
Armor: Robe              ||    12
Dodge: Dodged            ||    41

Skill      XL: |  1  2  3 |
---------------+----------+-----
Unarmed Combat | 1 2 |  2.9
Summonings     | 1 2 |  2.0
Dodging        | |  1.7
Stealth        | |  2.1
Spellcasting   | |  2.6
Conjurations   | |  0.7
Translocations | |  0.8

Inventory:

Hand Weapons
 o - a cursed -3 hand axe
Missiles
 h - 21 poisoned darts
 m - 29 arrows
 s - 82 stones (quivered)
Armour
 a - a +0 robe (worn)
 b - a +0 hat (worn)
Jewellery
 i - a ring of protection from fire (left claw)
Scrolls
 c - a scroll of immolation {unknown}
 d - a scroll of identify {unknown}
 g - a scroll of blinking {unknown}
 k - 2 scrolls of remove curse
 l - a scroll of noise {unknown}
 p - a scroll of amnesia {unknown}
Potions
 n - a potion of heal wounds {unknown}
 r - a potion of degeneration {unknown}
Comestibles
 e - 7 rations
 q - a chunk of flesh {@w1}

#..........##
##.....###...o.
#.....###.....
#...)).......o.
#..§.........%o
#.5........####
######+##o.........#
#.........o.÷......#
#........@.§........
#...................
#...................
#........####.......
#........## .......
#.........# ......#
#########.## ####...
#..# ..# ##.## ..##


You could see an orc wizard (fast), an orc and a friendly crimson imp
(summoned).

Vanquished Creatures
  An adder (D:2)
  An orc (D:3)
  A bat (D:1)
  3 goblins
  6 hobgoblins (D:1)
  2 jackals (D:2)
  2 kobolds
  4 frilled lizards
  6 rats
26 creatures vanquished.

Vanquished Creatures (collateral kills)
  An orc wizard (D:3)
  A worm (D:2)
  A leopard gecko (D:3)
  An orc (D:3)
  A kobold (D:1)
  A frilled lizard (D:2)
6 creatures vanquished.

Grand Total: 32 creatures vanquished

Levels and vault maps discovered:
D:1:      nagdon_arrival_zigzag_paths, layout_basic, serial_corexii_hall,
          corexii_hall_statues_s, corexii_hall_statues_deadend,
          kennysheep_minor_cross
D:2:      layout_loops_ring, okawaru_ov_weapons_minmay
D:3:      layout_basic, ebering_ghost_disaster_area, kennysheep_doodads


Message History

The orc wizard hits you with a +0 dagger.
Your crimson imp blinks!
The orc wizard closely misses you.
The orc hits your white imp with a +0 hand axe.
Your white imp hits the orc.
Your white imp freezes the orc.
The orc hits you with a +0 hand axe.
The orc hits your white imp with a +0 hand axe.
Your white imp hits the orc.
The orc dies!
Okawaru accepts your kill.
Your crimson imp blinks!
Your white imp disappears in a puff of smoke!
The orc barely misses you.
The orc hits your crimson imp but does no damage.
You scratch the orc but do no damage.
The orc is severely wounded.
Your crimson imp disappears in a puff of smoke!
The orc wizard points at you and mumbles some strange words.
The magic dart hits you!
You die...

Notes
Turn   | Place    | Note
-------+----------+-------------------------------------------
     0 | D:1      | bmfx the Ghoul Wizard began the quest for the Orb.
     0 | D:1      | Reached XP level 1. HP: 14/14 MP: 3/3
   219 | D:1      | Reached skill level 1 in Unarmed Combat
   398 | D:1      | Reached XP level 2. HP: 20/20 MP: 0/4
   442 | D:1      | Learned a level 2 spell: Call Imp
   462 | D:1      | Reached skill level 1 in Summonings
  1690 | D:2      | Found an iron altar of Okawaru.
  1702 | D:2      | Reached XP level 3. HP: 22/26 MP: 4/6
  1715 | D:2      | Became a worshipper of Warmaster Okawaru
  2430 | D:3      | Killed from afar by an orc wizard
